 Dungeon Crawl Stone Soup version 0.19.1-1-g22dce08 (webtiles) character file.

127815 cuckmaster the Brawler (level 16, -1/132 HPs)
             Began as a Troll Monk on Jan 10, 2017.
             Was the Champion of Cheibriados.
             Slain by an acid blob (32 damage)
             ... on level 1 of the Pits of Slime.
             The game lasted 00:47:34 (25609 turns).

cuckmaster the Brawler (Troll Monk)                Turns: 25609, Time: 00:47:35

Health: -1/132     AC: 17    Str: 40    XL:     16   Next: 47%
Magic:  29/32      EV: 12    Int: 29    God:    Cheibriados [******]
Gold:   2432       SH: 18    Dex: 36    Spells: 1 memorised, 17 levels left

rFire  . . .     SeeInvis .       - Unarmed
rCold  . . .     Gourm    +     z - +2 robe of Luiquegh {Regen+ Dex+3}
rNeg   . . .     Faith    .     C - +0 shield
rPois  +         Spirit   .     P - +3 hat of Pondering {ponderous, MR+ MP+10 Int+5}
rElec  .         Reflect  +     a - +1 cloak {rPois}
rCorr  +         Harm     .     (gloves unavailable)
MR     ++...                    (boots unavailable)
Stlth  ++........               h - +3 amulet of reflection
                                Y - ring of Zykli {Dex+4 Slay+5 Stlth-}
                                I - ring of resist corrosion

@: very slow
A: unfitting armour, claws 3, talons 1, molten scales 1, thin metallic scales 1,
yellow scales 1, agile 1, deformed body, fast metabolism 3, gourmand, sense
surroundings 2, regeneration 1, shaggy fur 1, tough skin 2, MP-powered wands
a: Bend Time, Temporal Distortion, Slouch, Step From Time, Renounce Religion


You were on level 1 of the Pits of Slime.
You worshipped Cheibriados.
Cheibriados was exalted by your worship.
You were not hungry.

You visited 6 branches of the dungeon, and saw 27 of its levels.

You collected 2666 gold pieces.
You spent 234 gold pieces at shops.

Inventory:

Hand Weapons
 N - a +0 giant spiked club of freezing
Missiles
 M - 28 large rocks (quivered)
Armour
 a - a +1 cloak of poison resistance (worn)
 w - a +2 robe of fire resistance
 z - the +2 robe of Luiquegh (worn) {Regen+ Dex+3}
   (You found it on level 2 of the Lair of Beasts)

   It affects your dexterity (+3).
   It increases your rate of regeneration.
 C - a +0 shield (worn)
 P - the +3 hat of Pondering (worn) {ponderous, MR+ MP+10 Int+5}
   (You took it off Gastronok on level 12 of the Dungeon)

   It affects your intelligence (+5).
   It affects your resistance to hostile enchantments.
   It affects your magic capacity (+10).
Rods
 r - a +2 lightning rod (9/9)
   (You took it off a tengu conjurer on level 14 of the Dungeon)
Jewellery
 h - a +3 amulet of reflection (around neck)
 n - an uncursed ring of teleportation
 I - a ring of resist corrosion (left claw)
 Y - the ring of Zykli (right claw) {Dex+4 Slay+5 Stlth-}
   (You found it on level 5 of the Lair of Beasts)

   [ring of loudness]

   It affects your dexterity (+4).
   It affects your accuracy and damage with ranged weapons and melee attacks
   (+5).
   It makes you less stealthy.
Wands
 c - a wand of lightning (8/15)
 d - a wand of acid (2/15)
 B - a wand of polymorph (6/24)
 F - a wand of acid (12/15)
 L - a wand of iceblast (6/15)
Scrolls
 e - 8 scrolls of remove curse
 f - 9 scrolls of teleportation
 g - 4 scrolls of recharging
 k - 20 scrolls of identify
 p - 4 scrolls of enchant weapon
 t - 4 scrolls of enchant armour
 x - a scroll of torment
 y - a scroll of amnesia
 A - 3 scrolls of magic mapping
 H - 2 scrolls of immolation
 Q - 2 scrolls of fog
 S - a scroll of brand weapon
 V - a scroll of blinking
Potions
 s - 7 potions of might
 v - 3 potions of magic
 D - 3 potions of flight
 K - 3 potions of agility
 O - a potion of brilliance
 R - a potion of heal wounds
 T - 2 potions of ambrosia
 W - 5 potions of curing
Books
 l - a book of Ice

   Spells                             Type                      Level
   a - Ice Form                       Ice/Transmutation            4
   b - Metabolic Englaciation         Hexes/Ice                    5
   c - Ozocubu's Refrigeration        Ice                          6
   d - Bolt of Cold                   Conjuration/Ice              6
   e - Freezing Cloud                 Conjuration/Ice/Air          6
   f - Simulacrum                     Ice/Necromancy               6
 o - a book of the Earth

   Spells                             Type                      Level
   a - Leda's Liquefaction            Hexes/Earth                  4
   b - Bolt of Magma                  Conjuration/Fire/Earth       5
   c - Statue Form                    Transmutation/Earth          6
   d - Iron Shot                      Conjuration/Earth            6
   e - Shatter                        Earth                        9
Comestibles
 b - 14 bread rations
 i - 7 beef jerkies
 j - 14 meat rations
 u - 13 fruits
 E - 9 royal jellies
 G - 9 slices of pizza


   Skills:
 - Level 2.4 Fighting
 - Level 2.1 Throwing
 - Level 2.4 Dodging
 - Level 1.0 Stealth
 - Level 9.5 Shields
 - Level 20.5 Unarmed Combat
 - Level 4.0 Spellcasting
 - Level 8.0 Transmutations
 * Level 5.1 Earth Magic
 - Level 10.2 Invocations


You had 17 spell levels left.
You knew the following spells:

 Your Spells              Type           Power        Failure   Level  Hunger
a - Statue Form           Tmut/Erth      #####....    75%         6    #######


Dungeon Overview and Level Annotations

Branches:
Dungeon (15/15)            Temple (1/1) D:4            Lair (6/6) D:9
 Shoals (0/4) Lair:3       Spider (0/4) Lair:3        Slime (2/5) Lair:5
    Orc (2/2) D:12            Elf (0/3) Orc:2        Vaults (0/5) D:14
 Depths (1/5) D:15

Altars:
Ashenzari
Cheibriados
Dithmenos
Elyvilon
Fedhas
Gozag
Hepliaklqana
Kikubaaqudgha
Makhleb
Nemelex Xobeh
Okawaru
Qazlal
Ru
Trog
Uskayaw
Vehumet
Yredelemnul
Zin
The Shining One
Beogh
Jiyva

Shops:
D:5 ?   D:6 *   D:8 *   Orc:2 :([*

Annotations:
Depths:1 exclusion: orange crystal statue


Innate Abilities, Weirdness & Mutations

You are too large for most types of armour.
You have claws for hands.
Your metabolism is lightning-fast.
You like to eat raw meat.
Your natural rate of healing is unusually fast.
You are covered in fur. (AC +1)
You have very tough skin. (AC +2)
You have sharp toenails.
You are partially covered in molten scales. (AC +2)
You are partially covered in thin metallic scales. (AC +2)
You are partially covered in yellow scales. (AC +2)
You are agile. (Dex +2)
Armour fits poorly on your strangely shaped body.
You passively map the area around you.
You expend magic power (3 MP) to strengthen your wands.


Message History

* * * LOW HITPOINT WARNING * * *
The slime creature hits you but does no damage.
You feel much better. The acid blob spits acid at you.
The splash of acid hits you!
You are splashed with acid!
The acid burns!
You resist. The slime creature hits you!!
* * * LOW HITPOINT WARNING * * *
You're too confused to attack without stumbling around!
You feel much better. The acid blob hits you!
You are splashed with acid!
The acid burns!
You resist.
* * * LOW HITPOINT WARNING * * *
The slime creature completely misses you.
You're too confused!
You're too confused to attack without stumbling around!
You feel better. The acid blob hits you!
* * * LOW HITPOINT WARNING * * *
You are splashed with acid!
The acid burns!
You resist.
* * * LOW HITPOINT WARNING * * *
You block the slime creature's attack. The acid blob hits you!!
You die...

...............##.......#....##
..............##.#............#
......####...##......#........#
.....## ##..................##
......# ###................###
......###...............#####
........................##..##
.................J>..........##
.##.............@J..#....#....#
###.#####...#....G............#
##...#####..##...............##
###.#.#..#...................#
##.#........................##
....#.#..#..................##
...#.#.##....................#
.##.....................#.#.##
.# #.#.##....#...........####


You could see an acid blob, a slime creature and an eye of draining.

Vanquished Creatures
  4 acid blobs (Slime:1)
  A tengu reaver (D:14)
  Gastronok (D:12)
  Roxanne (D:14)
  3 azure jellies (Slime:1)
  A frost giant (D:14)
  The ghost of baghtru the Severer, a journeyman HOFi of the Shining One (D:15)
  An orc warlord (Orc:2)
  The ghost of Dolanko the Carver, a journeyman MiGl of Hepliaklqana (Orc:2)
  2 dire elephants (Lair:6)
  An ettin (D:14)
  A yaktaur captain (D:14)
  Josephine (D:15)
  A rakshasa (D:15)
  6 hydras
  A ghost crab (shapeshifter) (D:14)
  A catoblepas (D:14)
  5 centaur warriors
  An ogre mage (Orc:2)
  An anaconda (Lair:6)
  A deep troll earth mage (D:14)
  Urug (Lair:2)
  4 death yaks (Lair:4)
  2 orc high priests
  Sonja (D:11)
  Nergalle (Lair:3)
  2 wizards (D:14)
  A lindwurm (shapeshifter) (D:15)
  11 hill giants
  4 orc knights
  A necromancer (Lair:5)
  4 orc sorcerers (Orc:2)
  A shining eye (Slime:1)
  16 ugly things
  3 deep elf magi
  2 oklob plants (Lair:2)
  7 cyclopes
  2 manticores
  Maurice (D:9)
  9 elephants
  A gargoyle (D:13)
  21 spiny frogs
  3 komodo dragons
  4 kobold demonologists
  A rime drake (Lair:6)
  A komodo dragon (shapeshifter) (D:15)
  2 yaktaurs (D:14)
  A tengu conjurer (D:14)
  A wind drake (shapeshifter) (D:15)
  A queen bee (Lair:3)
  3 polar bears (Lair:6)
  8 trolls
  4 hornets
  A jumping spider (Lair:3)
  16 hippogriffs
  6 dream sheep (Lair:5)
  6 two-headed ogres
  12 blink frogs
  35 slime creatures
  A meliai zombie (D:14)
  Sigmund (D:2)
  A shadow (Orc:1)
  13 redbacks
  A human (D:8)
  5 wraiths (D:15)
  2 basilisks
  44 yaks
  2 wyverns
  Eustachio (D:5)
  2 hungry ghosts
  10 vampire mosquitoes
  Edmund (D:6)
  3 wargs (Orc:2)
  A mottled dragon (D:14)
  17 water moccasins
  9 ice beasts
  8 porcupines
  8 sky beasts
  A hornet zombie (D:10)
  31 orc warriors
  3 phantoms
  2 black bears
  10 boggarts
  An eye of draining (Slime:1)
  A necrophage (D:10)
  15 centaurs
  16 ogres
  6 wolves
  13 crocodiles
  2 big kobolds (D:14)
  A komodo dragon zombie (Lair:5)
  A wyvern zombie (D:10)
  16 bullfrogs
  3 gnoll sergeants
  Blork the orc (D:6)
  3 scorpions
  34 killer bees
  10 wights
  6 howler monkeys
  7 electric eels
  8 crimson imps
  A lava snake (D:8)
  3 bullfrog zombies
  A quasit (D:14)
  A basilisk zombie (Lair:5)
  12 hounds
  4 jellies
  32 orc wizards
  20 orc priests
  6 centaur skeletons
  4 bullfrog skeletons
  3 centaur zombies
  2 iguanas
  17 worker ants
  2 hound zombies
  A worker ant zombie (D:5)
  27 gnolls
  16 adders
  5 shadow imps
  2 oozes
  2 adder skeletons
  2 worms (D:2)
  3 dart slugs
  6 leopard geckos
  80 orcs
  10 bats
  6 giant cockroaches
  10 goblins
  12 hobgoblins
  5 jackals
  9 quokkas
  2 ball pythons
  5 frilled lizards
  9 kobolds
  A quokka skeleton (D:9)
  A quokka zombie (D:7)
  7 rats
  A fungus (Lair:4)
  5 plants
892 creatures vanquished.

Vanquished Creatures (others)
  A cyclops (Orc:2)
  An orc warrior (Orc:2)
  A centaur (D:7)
  23 fungi
  16 plants
42 creatures vanquished.

Grand Total: 934 creatures vanquished

Notes
Turn   | Place    | Note
-------+----------+-------------------------------------------
     0 | D:1      | cuckmaster the Troll Monk began the quest for the Orb.
     0 | D:1      | Reached XP level 1. HP: 22/22 MP: 0/0
    29 | D:1      | Reached XP level 2. HP: 21/29 MP: 1/1
    75 | D:1      | Reached skill level 4 in Unarmed Combat
   194 | D:1      | Reached XP level 3. HP: 36/36 MP: 2/2
   578 | D:3      | Reached skill level 5 in Unarmed Combat
   578 | D:3      | Reached XP level 4. HP: 41/44 MP: 3/3
   830 | D:4      | Reached XP level 5. HP: 38/50 MP: 4/4
   859 | D:4      | Noticed an ogre
   875 | D:4      | Killed an ogre
   875 | D:4      | Reached skill level 6 in Unarmed Combat
  1121 | D:4      | Reached XP level 6. HP: 38/59 MP: 5/5
  1124 | D:4      | Reached skill level 7 in Unarmed Combat
  1183 | D:4      | Found a staircase to the Ecumenical Temple.
  1273 | Temple   | Entered the Ecumenical Temple
  1282 | Temple   | Became a worshipper of Cheibriados the Contemplative
  1282 | Temple   | Reached * piety under Cheibriados
  1282 | Temple   | Reached ** piety under Cheibriados
  1777 | D:2      | Noticed Sigmund
  1783 | D:2      | Killed Sigmund
  1783 | D:2      | Reached skill level 8 in Unarmed Combat
  1783 | D:2      | Reached XP level 7. HP: 58/66 MP: 6/6
  1980 | D:2      | Found a blossoming altar of Fedhas.
  2257 | D:2      | Reached *** piety under Cheibriados
  2294 | D:2      | Gained mutation: You are weak. (Str -2) [potion of mutation]
  2294 | D:2      | Gained mutation: Your spells are a little easier to cast, but a little less powerful. [potion of mutation]
  2294 | D:2      | Gained mutation: You are frail. (-10% HP) [potion of mutation]
  3003 | D:5      | Entered Level 5 of the Dungeon
  3164 | D:5      | Noticed Eustachio
  3170 | D:5      | Reached skill level 9 in Unarmed Combat
  3190 | D:5      | Killed Eustachio
  3196 | D:5      | Gained mutation: Your body sometimes deteriorates upon taking damage. [mutagenic meat]
  3197 | D:5      | Gained mutation: You are partially covered in molten scales. (AC +2) [mutagenic meat]
  3198 | D:5      | Gained mutation: You expend magic power (3 MP) to strengthen your wands. [mutagenic meat]
  3274 | D:5      | Found a blossoming altar of Fedhas.
  3281 | D:5      | Reached XP level 8. HP: 66/66 MP: 7/7
  3290 | D:5      | Reached skill level 10 in Unarmed Combat
  3333 | D:5      | Found Dafew's Magic Scroll Shoppe.
  3360 | D:5      | Reached **** piety under Cheibriados
  3855 | D:5      | Bought a scroll of teleportation for 39 gold pieces
  3934 | D:6      | Found Suggyc's Sacrilege Store.
  3934 | D:6      | Found a burning altar of Makhleb.
  3939 | D:6      | Noticed Blork the orc
  3943 | D:6      | Killed Blork the orc
  3943 | D:6      | Reached skill level 11 in Unarmed Combat
  3953 | D:6      | Bought a scroll of torment for 90 gold pieces
  4293 | D:6      | Found a glowing golden altar of the Shining One.
  4387 | D:6      | Noticed Edmund
  4402 | D:6      | Killed Edmund
  4464 | D:6      | Found a hazy altar of Hepliaklqana.
  4494 | D:6      | Reached XP level 9. HP: 69/72 MP: 8/8
  4841 | D:7      | Reached skill level 12 in Unarmed Combat
  4954 | D:7      | Found a bloodstained altar of Trog.
  4956 | D:7      | Found a sparkling altar of Nemelex Xobeh.
  5054 | D:7      | Identified a scroll of acquirement
  5126 | D:7      | Reached ***** piety under Cheibriados
  5482 | D:7      | Found an opulent altar of Gozag.
  5483 | D:7      | Found a shattered altar of Ashenzari.
  5499 | D:7      | Reached skill level 13 in Unarmed Combat
  6217 | D:8      | Reached skill level 14 in Unarmed Combat
  6241 | D:8      | Reached XP level 10. HP: 66/79 MP: 9/9
  6406 | D:8      | Found Hievuod's Assorted Antiques.
  6411 | D:8      | Bought a scroll labeled NUNKAE AFACRYEROT for 28 gold pieces
  6554 | D:8      | Gained mutation: You are partially covered in thin metallic scales. (AC +2) [mutagenic meat]
  6556 | D:8      | Gained mutation: You are partially covered in yellow scales. (AC +2) [mutagenic meat]
  6557 | D:8      | Gained mutation: Armour fits poorly on your strangely shaped body. [mutagenic meat]
  6559 | D:8      | Gained mutation: You have a pair of small horns on your head. [mutagenic meat]
  6883 | D:9      | Reached ****** piety under Cheibriados
  6985 | D:9      | Reached skill level 15 in Unarmed Combat
  7159 | D:9      | Reached skill level 1 in Invocations
  7180 | D:9      | Found a shadowy altar of Dithmenos.
  7189 | D:9      | Found a staircase to the Lair.
  7234 | D:9      | Found a stormy altar of Qazlal.
  7281 | D:9      | Reached skill level 5 in Invocations
  7454 | D:9      | Noticed Maurice
  7463 | D:9      | Killed Maurice
  7463 | D:9      | Reached XP level 11. HP: 84/84 MP: 14/14
  7785 | D:10     | Entered Level 10 of the Dungeon
  8097 | D:10     | Lost mutation: Your body sometimes deteriorates upon taking damage. [mutagenic meat]
  8149 | D:10     | Noticed a hill giant
  8152 | D:10     | Killed a hill giant
  8158 | D:10     | Noticed a hill giant
  8162 | D:10     | Killed a hill giant
  8735 | D:11     | Noticed Sonja
  8760 | D:11     | Killed Sonja
  9013 | D:11     | Noticed a hill giant
  9020 | D:11     | Killed a hill giant
  9477 | D:12     | Noticed a white ugly thing
  9482 | D:12     | Killed a white ugly thing
  9539 | D:12     | Reached skill level 10 in Invocations
  9578 | D:12     | Noticed Gastronok
  9592 | D:12     | Killed Gastronok
  9702 | D:12     | Noticed a deep elf mage
  9705 | D:12     | Lost mutation: You are partially covered in yellow scales. (AC +2) [mutagenic meat]
  9706 | D:12     | Gained mutation: You are partially covered in yellow scales. (AC +2) [mutagenic meat]
  9718 | D:12     | Reached XP level 12. HP: 76/93 MP: 18/18
  9758 | D:12     | Reached skill level 16 in Unarmed Combat
  9810 | D:12     | Found a staircase to the Orcish Mines.
 10269 | D:12     | Noticed a centaur warrior
 10274 | D:12     | Killed a centaur warrior
 10274 | D:12     | Reached skill level 17 in Unarmed Combat
 10689 | D:13     | Noticed a centaur warrior
 10696 | D:13     | Killed a centaur warrior
 10917 | D:13     | Noticed a seven-headed hydra
 11319 | D:13     | Killed a seven-headed hydra
 11319 | D:13     | Reached skill level 18 in Unarmed Combat
 11319 | D:13     | Reached XP level 13. HP: 31/99 MP: 6/19
 11827 | D:15     | Entered Level 15 of the Dungeon
 12145 | Lair:1   | Entered Level 1 of the Lair of Beasts
 12239 | Orc:1    | Entered Level 1 of the Orcish Mines
 12296 | Orc:1    | You fall through a shaft!
 12296 | Orc:2    | Entered Level 2 of the Orcish Mines
 12296 | Orc:2    | Noticed Dolanko's ghost (journeyman MiGl)
 12302 | Orc:2    | Killed Dolanko's ghost
 12436 | Orc:2    | Found a staircase to the Elven Halls.
 12514 | Orc:2    | Noticed an orc warlord
 12720 | Orc:1    | Reached skill level 19 in Unarmed Combat
 13736 | D:14     | Found a gate to the Vaults.
 13956 | D:14     | HP: 4/99 [yak (11)]
 14086 | D:14     | Noticed Roxanne
 14328 | D:14     | Noticed a frost giant
 14336 | D:14     | Killed a frost giant
 14336 | D:14     | Reached skill level 20 in Unarmed Combat
 14358 | D:14     | Noticed an ettin
 14371 | D:14     | Killed an ettin
 14517 | D:14     | Reached XP level 14. HP: 75/106 MP: 20/20
 14701 | D:14     | Noticed a tengu reaver
 14728 | D:14     | Killed a tengu reaver
 14946 | D:14     | Lost mutation: You are frail. (-10% HP) [mutagenic meat]
 14947 | D:14     | Gained mutation: Scrolls take you a little longer to read. [mutagenic meat]
 14977 | D:14     | Killed Roxanne
 14987 | D:14     | Learned a level 6 spell: Statue Form
 15044 | D:15     | Noticed baghtru's ghost (journeyman HOFi)
 15055 | D:15     | Killed baghtru's ghost
 15380 | D:15     | Gained mutation: You are dopey. (Int -2) [mutagenic meat]
 15381 | D:15     | Lost mutation: You are weak. (Str -2) [mutagenic meat]
 15382 | D:15     | Lost mutation: Your spells are a little easier to cast, but a little less powerful. [mutagenic meat]
 15423 | D:15     | Reached skill level 5 in Earth Magic
 15432 | D:15     | Found a staircase to the Depths.
 15440 | Depths:1 | Entered Level 1 of the Depths
 15486 | D:15     | Lost mutation: Scrolls take you a little longer to read. [mutagenic meat]
 15487 | D:15     | Gained mutation: You have very sharp teeth. [mutagenic meat]
 15560 | D:15     | Reached skill level 1 in Transmutations
 15639 | D:15     | Noticed Josephine
 15648 | D:15     | Killed Josephine
 15956 | D:14     | Gained mutation: Scrolls take you a little longer to read. [mutagenic meat]
 15959 | D:14     | Gained mutation: You are agile. (Dex +2) [mutagenic meat]
 15960 | D:14     | Gained mutation: You have sharp toenails. [mutagenic meat]
 16063 | D:14     | Reached skill level 5 in Transmutations
 16076 | D:14     | Gained mutation: You possess an exceptional clarity of mind. [mutagenic meat]
 16078 | D:14     | Gained mutation: You passively map a small area around you. [mutagenic meat]
 16079 | D:14     | Gained mutation: You passively map the area around you. [mutagenic meat]
 17276 | Lair:1   | Reached skill level 1 in Spellcasting
 17277 | Lair:1   | Reached XP level 15. HP: 111/124 MP: 21/21
 17514 | Lair:2   | Noticed Urug
 17720 | Lair:2   | Killed Urug
 17911 | Lair:2   | Got a thick robe
 17922 | Lair:2   | Identified the +2 robe of Luiquegh {Regen+ Dex+3} (You found it on level 2 of the Lair of Beasts)
 18768 | Lair:3   | Noticed Nergalle
 18774 | Lair:3   | Killed Nergalle
 18890 | Lair:3   | Found a hole to the Spider Nest.
 19119 | Lair:3   | Found a staircase to the Shoals.
 19519 | Lair:3   | Reached skill level 1 in Shields
 20497 | Lair:5   | Found a viscous altar of Jiyva.
 20497 | Lair:5   | Found a staircase to the Slime Pits.
 20947 | Lair:5   | Reached skill level 5 in Shields
 20975 | Lair:5   | Got a sparkling granite ring
 20981 | Lair:5   | Identified the ring of Zykli {Dex+4 Slay+5 Stlth-} (You found it on level 5 of the Lair of Beasts)
 21323 | Lair:6   | Entered Level 6 of the Lair of Beasts
 21414 | Lair:6   | Lost mutation: You have a pair of small horns on your head. [potion of cure mutation]
 21414 | Lair:6   | Lost mutation: You possess an exceptional clarity of mind. [potion of cure mutation]
 21414 | Lair:6   | Lost mutation: Scrolls take you a little longer to read. [potion of cure mutation]
 21414 | Lair:6   | Lost mutation: You have very sharp teeth. [potion of cure mutation]
 21414 | Lair:6   | Lost mutation: You are dopey. (Int -2) [potion of cure mutation]
 22872 | Slime:1  | Entered Level 1 of the Pits of Slime
 22895 | Slime:1  | Noticed an acid blob
 22908 | Slime:1  | Killed an acid blob
 22908 | Slime:1  | Reached XP level 16. HP: 68/132 MP: 22/22
 22946 | Slime:1  | Noticed an acid blob
 22955 | Slime:1  | Killed an acid blob
 23009 | Slime:1  | Noticed an acid blob
 23016 | Slime:1  | Killed an acid blob
 23671 | Orc:2    | Found a roughly hewn altar of Beogh.
 23694 | Orc:2    | Found Xavvet's Book Boutique.
 23713 | Orc:2    | Found Meg Ryiv's Antique Armour Boutique.
 23729 | Orc:2    | Found Texiwnit's General Store.
 23736 | Orc:2    | Bought a potion of curing for 33 gold pieces
 23736 | Orc:2    | Bought a potion of might for 44 gold pieces
 23745 | Orc:2    | Found Fuiv's Antique Weapon Boutique.
 24526 | Slime:1  | Noticed an acid blob
 24533 | Slime:1  | Killed an acid blob
 25596 | Slime:2  | Noticed an acid blob
 25609 | Slime:1  | Slain by an acid blob

Skill      XL: |  1  2  3  4  5  6  7  8  9 10 11 12 13 14 15 16 |
---------------+-------------------------------------------------+-----
Unarmed Combat | 4 5 6 8 9 11 14 15 18 20 | 20.5
Invocations    | 6 10 | 10.2
Throwing       | 2 |  2.1
Earth Magic    | 5 |  5.1
Transmutations | 6 8 |  8.0
Spellcasting   | 1 4 |  4.0
Shields        | 8 9 |  9.5
Fighting       | |  2.4
Dodging        | |  2.4
Stealth        | |  1.0

Action                   |  1- 3 |  4- 6 |  7- 9 | 10-12 | 13-15 | 16-18 || total
-------------------------+-------+-------+-------+-------+-------+-------++-------
Melee: Unarmed           |    70 |    97 |   284 |   413 |   888 |   190 ||  1942
       Punch             |     1 |     3 |    21 |    42 |   115 |       ||   182
       Headbutt          |       |       |       |   122 |   228 |       ||   350
       Kick              |       |       |       |       |   212 |   103 ||   315
       Bite              |       |       |       |       |    55 |       ||    55
Throw: Large rock        |       |       |       |     4 |    55 |    23 ||    82
Invok: Bend Time         |       |       |       |     1 |       |       ||     1
       Slouch            |       |       |       |     3 |     6 |       ||     9
       Temporal Distorti |       |       |       |       |     1 |       ||     1
       Step From Time    |       |       |       |       |       |     1 ||     1
Evoke: Wand              |       |       |       |     9 |       |       ||     9
       Rod               |       |       |       |       |     1 |       ||     1
  Use: Potion            |       |     4 |     6 |     7 |     5 |     3 ||    25
       Scroll            |       |       |    13 |     6 |     5 |     1 ||    25
 Stab: Sleeping          |     3 |       |    11 |     8 |    16 |       ||    38
       Distracted        |       |       |     2 |     2 |     5 |     1 ||    10
  Eat: Chunk             |     9 |    11 |    32 |    38 |   110 |     7 ||   207
       Bread ration      |       |       |       |       |       |     1 ||     1
Armor: Robe              |    33 |    54 |    87 |   198 |   316 |    53 ||   741
       Skin              |       |       |       |     5 |       |       ||     5
Dodge: Dodged            |    29 |    77 |   127 |   317 |   748 |    37 ||  1335
Block: Other             |       |     7 |    37 |    73 |   102 |       ||   219
       Reflection        |       |       |     5 |     4 |    11 |    12 ||    32
       Shield            |       |       |       |       |    24 |   141 ||   165
